[ AOE2 MATCH · #508003529 ]
UnrankedBulgarians vs Mongols
Rival team · LOSS
[ REPLAY ANALYSIS · EXTRACTED FROM THE RECORDED GAME ]
Feudal
13:43
Castle
18:24
Imperial
—
| APM avg | 48.2 |
| APM peak | 109 |
| eAPM avg | 19.0 |
| Villagers / military | 57 / 56 |
Focus
⚔️ 35.3% · 🌾 64.7%
Konnik ×32 · Militia ×14 · Battering Ram ×8 · Petard ×1 · Spearman ×1
Feudal
11:17
Castle
21:23
Imperial
—
| APM avg | 82.2 |
| APM peak | 179 |
| eAPM avg | 23.9 |
| Villagers / military | 65 / 45 |
Focus
⚔️ 30.0% · 🌾 70.0%
Mangudai ×45
Match map
Initial resources + every placement click. Lines = walls · curves = elevation contours. ◆ gold · ⬟ stone · ● berries · ✦ relic · ◌ wall gap
Your base· Open — unwalled flank
Kanyaga's base· Open — 9t gap
Smoothed initial terrain · ◌ = detected wall gap · hover for details
Inputs per minute
— JeanLuc Petard - - Kanyaga
Build order — JeanLuc Petard
First 150 of 186 actions detected
| 0:00 | Queue | Villager (Male) |
| 0:01 | Queue | Villager (Male) |
| 0:01 | Queue | Villager (Male) |
| 0:01 | Queue | Villager (Male) |
| 0:02 | Build | House |
| 0:03 | Build | House |
| 1:24 | Queue | Villager (Male) |
| 1:24 | Queue | Villager (Male) |
| 2:05 | Queue | Villager (Male) |
| 2:21 | Queue | Villager (Male) |
| 2:54 | Queue | Villager (Male) |
| 2:54 | Queue | Villager (Male) |
| 3:11 | Build | Barracks |
| 3:21 | Queue | Villager (Male) |
| 3:41 | Queue | Villager (Male) |
| 3:46 | Build | House |
| 4:00 | Queue | Villager (Male) |
| 4:00 | Queue | Villager (Male) |
| 4:17 | Queue | Militia |
| 4:41 | Queue | Villager (Male) |
| 4:41 | Queue | Villager (Male) |
| 4:53 | Queue | Militia |
| 5:23 | Queue | Villager (Male) |
| 5:23 | Queue | Villager (Male) |
| 5:51 | Build | House |
| 5:57 | Queue | Militia |
| 6:26 | Build | Mill |
| 6:37 | Queue | Militia |
| 6:47 | Queue | Villager (Male) |
| 6:48 | Queue | Villager (Male) |
| 7:40 | Queue | Militia |
| 7:41 | Queue | Villager (Male) |
| 7:55 | Build | Palisade Wall |
| 8:04 | Build | House |
| 8:12 | Queue | Villager (Male) |
| 8:12 | Queue | Villager (Male) |
| 8:12 | Queue | Villager (Male) |
| 8:12 | Queue | Villager (Male) |
| 8:19 | Build | House |
| 8:23 | Build | Palisade Wall |
| 8:24 | Build | Palisade Wall |
| 8:52 | Build | Palisade Wall |
| 9:27 | Build | Palisade Wall |
| 9:36 | Build | Palisade Wall |
| 9:45 | Queue | Villager (Male) |
| 9:45 | Queue | Villager (Male) |
| 9:46 | Queue | Villager (Male) |
| 9:46 | Queue | Villager (Male) |
| 9:52 | Build | Lumber Camp |
| 10:24 | Queue | Villager (Male) |
| 10:24 | Queue | Villager (Male) |
| 10:44 | Build | House |
| 11:33 | Research | Feudal Age |
| 11:38 | Build | Palisade Wall |
| 11:44 | Research | Loom |
| 12:10 | Build | Palisade Wall |
| 12:15 | Build | Mining Camp |
| 13:01 | Build | Farm |
| 13:01 | Build | Farm |
| 13:01 | Build | Farm |
| 13:01 | Build | Farm |
| 13:02 | Build | Farm |
| 13:02 | Build | Farm |
| 13:24 | Build | Farm |
| 13:43 | Age | Feudal Age |
| 13:49 | Build | Market |
| 14:32 | Build | Blacksmith |
| 14:56 | Build | Palisade Wall |
| 15:04 | Build | Farm |
| 15:20 | Build | Farm |
| 15:22 | Build | Farm |
| 15:44 | Research | Castle Age |
| 15:49 | Build | Farm |
| 16:37 | Queue | Spearman |
| 17:19 | Build | Mining Camp |
| 17:27 | Queue | Villager (Male) |
| 17:28 | Queue | Villager (Male) |
| 18:24 | Age | Castle Age |
| 18:26 | Build | Krepost |
| 18:29 | Queue | Militia |
| 18:29 | Queue | Militia |
| 18:29 | Queue | Militia |
| 18:30 | Queue | Militia |
| 18:30 | Queue | Militia |
| 18:47 | Research | Scale Mail Armor |
| 19:21 | Queue | Konnik |
| 19:42 | Queue | Petard |
| 19:49 | Queue | Villager (Male) |
| 20:02 | Queue | Militia |
| 20:32 | Queue | Konnik |
| 20:56 | Queue | Konnik |
| 21:12 | Queue | Konnik |
| 21:24 | Build | Krepost |
| 21:31 | Queue | Konnik |
| 22:03 | Build | Krepost |
| 22:42 | Queue | Villager (Male) |
| 22:43 | Queue | Villager (Male) |
| 22:43 | Queue | Villager (Male) |
| 22:55 | Build | Mining Camp |
| 23:41 | Build | Siege Workshop |
| 24:02 | Queue | Villager (Male) |
| 24:02 | Queue | Villager (Male) |
| 24:03 | Queue | Villager (Male) |
| 24:03 | Queue | Villager (Male) |
| 24:21 | Queue | Battering Ram |
| 25:39 | Queue | Militia ×3 |
| 25:51 | Queue | Villager (Male) |
| 26:46 | Build | Mining Camp |
| 27:16 | Build | Lumber Camp |
| 27:51 | Queue | Konnik |
| 27:51 | Queue | Konnik |
| 27:51 | Queue | Konnik |
| 27:54 | Research | Scale Barding Armor |
| 28:30 | Queue | Konnik |
| 28:41 | Queue | Konnik |
| 28:41 | Queue | Konnik |
| 29:18 | Research | Chain Barding Armor |
| 29:27 | Build | Farm |
| 29:27 | Build | Farm |
| 29:28 | Build | Farm |
| 29:28 | Build | Farm |
| 29:28 | Build | Farm |
| 29:53 | Queue | Battering Ram |
| 30:25 | Queue | Villager (Male) |
| 30:28 | Build | Farm |
| 30:58 | Research | Fletching |
| 31:50 | Build | Farm |
| 32:02 | Queue | Villager (Male) |
| 32:02 | Queue | Villager (Male) |
| 32:02 | Queue | Villager (Male) |
| 32:04 | Queue | Villager (Male) |
| 32:06 | Queue | Konnik |
| 32:12 | Queue | Konnik |
| 32:12 | Queue | Konnik |
| 32:37 | Queue | Villager (Male) |
| 32:41 | Build | Farm |
| 33:59 | Research | Bodkin Arrow |
| 34:04 | Queue | Villager (Male) |
| 34:04 | Queue | Villager (Male) |
| 34:05 | Queue | Villager (Male) |
| 34:09 | Build | Barracks |
| 34:12 | Build | Siege Workshop |
| 34:16 | Build | Siege Workshop |
| 34:20 | Build | Stable |
| 34:39 | Queue | Konnik |
| 34:39 | Queue | Konnik |
| 34:39 | Queue | Konnik |
| 35:30 | Build | Krepost |
| 36:02 | Research | Husbandry |
| 36:03 | Research | Bloodlines |
Build order — Kanyaga
First 150 of 184 actions detected
| 0:00 | Queue | Villager (Male) |
| 0:00 | Queue | Villager (Male) |
| 0:01 | Queue | Villager (Male) |
| 0:03 | Build | House |
| 0:05 | Build | House |
| 0:42 | Queue | Villager (Male) |
| 1:34 | Queue | Villager (Male) |
| 1:44 | Queue | Villager (Male) |
| 2:06 | Queue | Villager (Male) |
| 2:23 | Queue | Villager (Male) |
| 2:24 | Queue | Villager (Male) |
| 2:27 | Build | Lumber Camp |
| 2:45 | Queue | Villager (Male) |
| 2:57 | Queue | Villager (Male) |
| 3:00 | Build | House |
| 3:27 | Queue | Villager (Male) |
| 3:44 | Build | House |
| 4:18 | Build | Palisade Wall |
| 4:19 | Build | Palisade Wall |
| 4:28 | Queue | Villager (Male) |
| 5:11 | Queue | Villager (Male) |
| 5:17 | Build | Mill |
| 5:34 | Queue | Villager (Male) |
| 5:55 | Build | Palisade Wall |
| 6:14 | Build | House |
| 6:19 | Queue | Villager (Male) |
| 6:21 | Research | Loom |
| 6:56 | Queue | Villager (Male) |
| 7:43 | Queue | Villager (Male) |
| 8:05 | Queue | Villager (Male) |
| 8:19 | Build | House |
| 8:22 | Build | Palisade Wall |
| 8:28 | Build | House |
| 8:42 | Queue | Villager (Male) |
| 9:02 | Research | Feudal Age |
| 9:51 | Build | Barracks |
| 11:17 | Age | Feudal Age |
| 11:29 | Queue | Villager (Male) |
| 11:43 | Queue | Villager (Male) |
| 11:44 | Research | Double-Bit Axe |
| 11:46 | Research | Horse Collar |
| 11:57 | Build | Mining Camp |
| 12:10 | Queue | Villager (Male) |
| 12:25 | Build | Farm |
| 12:28 | Queue | Villager (Male) |
| 12:31 | Build | Farm |
| 12:35 | Build | Farm |
| 12:48 | Build | Farm |
| 13:05 | Queue | Villager (Male) |
| 13:09 | Build | Farm |
| 13:18 | Build | Farm |
| 13:19 | Build | Farm |
| 13:39 | Build | Farm |
| 13:42 | Queue | Villager (Male) |
| 13:49 | Build | Palisade Wall |
| 13:57 | Build | Farm |
| 13:58 | Build | Farm |
| 14:00 | Build | Farm |
| 14:07 | Queue | Villager (Male) |
| 14:15 | Build | Farm |
| 14:20 | Build | Farm |
| 14:28 | Build | Farm |
| 14:33 | Queue | Villager (Male) |
| 14:44 | Build | Farm |
| 14:46 | Queue | Villager (Male) |
| 14:51 | Build | Farm |
| 15:04 | Build | Palisade Wall |
| 15:07 | Build | Palisade Wall |
| 15:08 | Queue | Villager (Male) |
| 15:40 | Research | Wheelbarrow |
| 16:49 | Queue | Villager (Male) |
| 17:09 | Build | Market |
| 17:16 | Queue | Villager (Male) |
| 17:33 | Build | Blacksmith |
| 17:51 | Queue | Villager (Male) |
| 18:00 | Build | Farm |
| 18:09 | Queue | Villager (Male) |
| 18:41 | Research | Castle Age |
| 18:42 | Research | Castle Age |
| 19:07 | Build | Mining Camp |
| 20:07 | Research | Stone Mining |
| 20:15 | Build | Stone Wall |
| 20:16 | Build | Stone Wall |
| 20:24 | Build | Stone Wall |
| 20:26 | Build | Stone Wall |
| 20:36 | Build | Stone Wall |
| 20:56 | Build | House |
| 20:58 | Build | House |
| 21:21 | Build | House |
| 21:23 | Age | Castle Age |
| 21:24 | Queue | Villager (Male) |
| 21:32 | Build | Castle |
| 21:41 | Queue | Villager (Male) |
| 21:44 | Queue | Villager (Male) |
| 21:45 | Research | Bow Saw |
| 21:50 | Build | House |
| 21:53 | Build | Palisade Wall |
| 21:58 | Build | House |
| 22:37 | Queue | Mangudai |
| 23:41 | Queue | Villager (Male) |
| 23:43 | Queue | Villager (Male) |
| 23:56 | Build | Lumber Camp |
| 24:06 | Build | Market |
| 24:21 | Queue | Mangudai |
| 24:43 | Queue | Mangudai |
| 25:21 | Queue | Villager (Male) |
| 25:23 | Queue | Villager (Male) |
| 25:44 | Queue | Mangudai |
| 25:53 | Queue | Mangudai |
| 26:08 | Queue | Mangudai |
| 27:03 | Research | Fletching |
| 27:08 | Queue | Villager (Male) |
| 27:14 | Queue | Villager (Male) |
| 27:14 | Queue | Villager (Male) |
| 27:28 | Queue | Villager (Male) |
| 28:11 | Queue | Mangudai |
| 28:34 | Queue | Villager (Male) |
| 28:43 | Queue | Mangudai |
| 29:21 | Queue | Mangudai |
| 29:21 | Queue | Mangudai |
| 29:21 | Queue | Mangudai |
| 30:06 | Queue | Villager (Male) |
| 30:12 | Queue | Mangudai |
| 30:12 | Queue | Mangudai |
| 31:04 | Build | Town Center |
| 31:48 | Queue | Villager (Male) |
| 31:57 | Queue | Villager (Male) |
| 31:59 | Queue | Mangudai |
| 31:59 | Queue | Mangudai |
| 32:00 | Queue | Mangudai |
| 32:30 | Queue | Villager (Male) |
| 32:33 | Queue | Villager (Male) |
| 33:01 | Build | Town Center |
| 34:05 | Queue | Villager (Male) |
| 34:05 | Queue | Villager (Male) |
| 34:06 | Queue | Villager (Male) |
| 34:13 | Queue | Villager (Male) |
| 34:28 | Queue | Mangudai |
| 34:28 | Queue | Mangudai |
| 34:28 | Queue | Mangudai |
| 34:49 | Queue | Villager (Male) |
| 35:02 | Queue | Mangudai |
| 35:28 | Queue | Mangudai |
| 35:34 | Queue | Villager (Male) |
| 35:49 | Queue | Villager (Male) |
| 35:56 | Queue | Mangudai |
| 36:31 | Queue | Villager (Male) |
| 36:36 | Build | Farm |
| 36:37 | Build | Farm |
| 36:37 | Build | Farm |
Match timeline
| 3:11 | JeanLuc Petard · first_building Barracks |
| 4:18 | Kanyaga · wall_segment Palisade Wall x1 |
| 4:19 | Kanyaga · wall_segment Palisade Wall x1 |
| 5:55 | Kanyaga · wall_segment Palisade Wall x11 |
| 7:55 | JeanLuc Petard · wall_segment Palisade Wall x5 |
| 8:22 | Kanyaga · wall_segment Palisade Wall x1 |
| 8:23 | JeanLuc Petard · wall_segment Palisade Wall x1 |
| 8:24 | JeanLuc Petard · wall_segment Palisade Wall x1 |
| 8:52 | JeanLuc Petard · wall_segment Palisade Wall x1 |
| 9:27 | JeanLuc Petard · wall_segment Palisade Wall x1 |
| 9:36 | JeanLuc Petard · wall_segment Palisade Wall x1 |
| 9:51 | Kanyaga · first_building Barracks |
| 11:17 | Kanyaga · age_up feudal |
| 11:38 | JeanLuc Petard · wall_segment Palisade Wall x5 |
| 12:10 | JeanLuc Petard · wall_segment Palisade Wall x1 |
| 13:43 | JeanLuc Petard · age_up feudal |
| 13:49 | Kanyaga · wall_segment Palisade Wall x1 |
| 14:56 | JeanLuc Petard · wall_segment Palisade Wall x2 |
| 15:04 | Kanyaga · wall_segment Palisade Wall x11 |
| 15:07 | Kanyaga · wall_segment Palisade Wall x6 |
| 15:26 | JeanLuc Petard · first_market_sell 100 stone |
| 15:28 | JeanLuc Petard · first_market_buy 100 food |
| 18:24 | JeanLuc Petard · age_up castle |
| 18:26 | JeanLuc Petard · first_building Krepost |
| 20:15 | Kanyaga · wall_segment Stone Wall x1 |
| 20:16 | Kanyaga · wall_segment Stone Wall x1 |
| 20:24 | Kanyaga · wall_segment Stone Wall x1 |
| 20:26 | Kanyaga · wall_segment Stone Wall x1 |
| 20:36 | Kanyaga · wall_segment Stone Wall x1 |
| 21:23 | Kanyaga · age_up castle |
| 21:26 | Kanyaga · first_market_sell 100 food |
| 21:27 | Kanyaga · first_market_buy 100 stone |
| 21:32 | Kanyaga · first_building Castle |
| 21:53 | Kanyaga · wall_segment Palisade Wall x1 |
| 23:41 | JeanLuc Petard · first_building Siege Workshop |
| 34:20 | JeanLuc Petard · first_building Stable |
| 46:09 | Kanyaga · resign |
[ AI ANALYSIS · 1 CREDIT ]
What really happened in this match?
Wolo.gg analyzes every decision: build order, eco, micro, common mistakes by bracket. Personalized analysis on WhatsApp or Discord in 30 seconds.
Civ guide
Bulgarians
Perfil
Jugador #21755138